 Dungeon Crawl Stone Soup version 0.26-a0-712-ga5a9c9c9d0 (webtiles) character file.

Game seed: 14019282919829778365

35 Lanoc the Skirmisher (level 3, 0/20 HPs)
             Began as a Vine Stalker Abyssal Knight on Nov 5, 2020.
             Was a Follower of Lugonu.
             Slain by an adder (1 damage)
             ... on level 3 of the Dungeon.
             The game lasted 00:01:47 (1010 turns).

Lanoc the Skirmisher (Vine Stalker Abyssal Knight)  Turns: 1010, Time: 00:01:48

Health: 0/20       AC:  3    Str: 14    XL:     3   Next: 35%
Magic:  0/5        EV: 11    Int: 12    God:    Lugonu [*.....]
Gold:   54         SH:  0    Dex: 14    Spells: 2/2 levels left

rFire    . . .     SeeInvis .   a - +1 spear
rCold    . . .     Faith    .   (no shield)
rNeg     . . .     Spirit   +   b - +0 leather armour
rPois    .         Reflect  .   (no helmet)
rElec    .         Harm     .   (no cloak)
rCorr    .         Rampage  .   (no gloves)
MR       .....                  (no boots)
Stlth    +.........             (no amulet)
HPRegen  0.06/turn              (no ring)
MPRegen  0.09/turn              (no ring)

@: about to teleport
A: fangs 2, magic shield, antimagic bite, no potion heal 3, rot immunity
a: Depart the Abyss, Renounce Religion


You were on level 3 of the Dungeon.
You worshipped Lugonu.
Lugonu was aware of your devotion.
You visited 1 branch of the dungeon, and saw 3 of its levels.
You visited the Abyss 1 time.

You collected 54 gold pieces.

Inventory:

Hand Weapons
 a - a +1 spear (weapon)
Armour
 b - a +0 leather armour (worn)
Scrolls
 c - a scroll of vulnerability {unknown}
 e - a scroll of remove curse {unknown}
 g - 2 scrolls of teleportation
 h - a scroll of fear {unknown}
 i - 2 scrolls of identify {unknown}
 j - a scroll of random uselessness {unknown}
 k - a scroll of fog {unknown}
Potions
 d - a potion of ambrosia


   Skills:
 + Level 3.0 Fighting
 * Level 2.5 Polearms
 - Level 1.5 Armour
 + Level 1.2 Dodging
 + Level 2.2 Invocations


You had 2 spell levels left.
You didn't know any spells.
Your spell library was empty.

Dungeon Overview and Level Annotations

Branches:
Dungeon (3/15)

Altars:
Makhleb

Annotations:
D:2 1 runed translucent door, Crazy Yiuf


Innate Abilities, Weirdness & Mutations

You have extremely sharp teeth.
When hurt, damage is shared between your health and your magic reserves.
Your bite disrupts and absorbs the magic of your enemies.
Potions cannot restore your health.
You are immune to rotting.


Message History

You are confused.
Your system rejects the healing.
You feel invigorated. The adder bites you but does no damage.
You bump into the rock wall.
The adder bites you but does no damage. The adder bites you.
You bump into the rock wall.
The adder bites you but does no damage.
You completely miss the adder. The adder bites you but does no damage.
You bump into the rock wall.
The adder bites you.
* * * LOW HITPOINT WARNING * * *
The adder misses you.
You bump into the rock wall.
The adder closely misses you.
You miss the adder. The adder bites you.
* * * LOW HITPOINT WARNING * * *
You are lethally poisoned!
The adder poisons you!
Your system rejects the healing.
You feel better.
You feel less invigorated. The adder closely misses you. The adder bites you.
As you read the scroll of teleportation, it crumbles to dust.
You feel strangely unstable. The adder bites you.
You die...

#### #..####
#.....# #..##.#..
##########........
#.....@SK.g.......
#####.########.###
#. .. #. .. #. ≈
#. #. #.


You could see an adder, a hobgoblin and a kobold.

Vanquished Creatures
  An adder (D:3)
  A worm (D:2)
  A leopard gecko (D:1)
  2 bats (D:1)
  3 goblins
  2 hobgoblins
  5 jackals
  A kobold (D:1)
  A frilled lizard (D:1)
  3 rats (D:1)
20 creatures vanquished.

Vanquished Creatures (others)
  A plant (D:3)
1 creature vanquished.

Grand Total: 21 creatures vanquished

Notes
Turn   | Place    | Note
-------+----------+-------------------------------------------
     0 | Abyss:1  | Lanoc the Vine Stalker Abyssal Knight began the quest for
                  | the Orb.
     0 | Abyss:1  | Reached XP level 1. HP: 11/11 MP: 3/3
    84 | Abyss:2  | Noticed a small abomination
    94 | Abyss:2  | Noticed an orange demon
    97 | D:1      | Escaped the Abyss
   128 | D:1      | Reached * piety under Lugonu
   206 | D:1      | Reached skill level 1 in Dodging
   206 | D:1      | Reached XP level 2. HP: 14/16 MP: 4/4
   474 | D:2      | Found a runed translucent door.
   475 | D:2      | Noticed Crazy Yiuf
   575 | D:2      | Reached XP level 3. HP: 16/19 MP: 5/5
   686 | D:3      | Found a burning altar of Makhleb.
   715 | D:3      | Reached skill level 3 in Fighting
  1007 | D:3      | HP: 1/20 [adder (1)]
  1010 | D:3      | Slain by an adder

Illustrated notes

Levels and vault maps discovered:
D:1:      dpeg_arrival_boxes_within_box, layout_rooms, minmay_misc_feat_cross
D:2:      layout_loops_ring, uniq_crazy_yiuf_cottage, uniq_jessica, uniq_robin
D:3:      lemuel_castle_with_subvaults [lemuel_castle_interior_carwin_3],
          layout_basic, grunt_temple_overflow_forces_of_nature,
          nicolae_overflow_hidden_temple, led_sif_book, uniq_terence

Skill      XL: |  1  2  3 |
---------------+----------+-----
Polearms       | 2 |  2.5
Dodging        | 1 |  1.2
Invocations    | 2 |  2.2
Fighting       | 3 |  3.0
Armour         | |  1.5

Action                   || total
-------------------------++-------
Melee: Spear             ||    68
       Bite              ||    13
Invok: Depart the Abyss  ||     1
  Use: Potion            ||     4
       Scroll            ||     2
 Stab: Distracted        ||     1
Armor: Leather armour    ||    27
Dodge: Dodged            ||    32

Table legend: (Time is in decaauts)
 A = Elapsed time spent in this place.
 B = Non-inter-level travel time spent in this place.
 C = Inter-level travel time spent in this place.
 D = Time resting spent in this place.
 E = Time spent auto-exploring this place.
 F = Levels seen in this place.
 G = Mean time per level.
                   A        B        C        D        E       F      G
               +--------+--------+--------+--------+--------+-----+--------+
         Total |   1009 |    994 |     15 |      0 |    804 |   5 |  201.8 |
       Dungeon |    912 |    897 |     15 |      0 |    732 |   3 |  304.0 |
         Abyss |     96 |     96 |      0 |      0 |     72 |   2 |   48.0 |
               +--------+--------+--------+--------+--------+-----+--------+

Top non-repeatable levels by time:
     D:1: 369 daAuts
     D:3: 325 daAuts
     D:2: 217 daAuts
 Abyss:2: 84 daAuts
 Abyss:1: 12 daAuts
